[Event "Romanian Championship 2024"]
[Site "Eforie Nord"]
[Date "2024.02.24"]
[Round "1.21"]
[White "Bonte, Andrei-Mihai"]
[Black "Burtea, Marius-Valentin"]
[Result "1-0"]
[ECO "E01"]
[WhiteElo "2266"]
[BlackElo "1770"]
[Annotator "TA"]
[PlyCount "115"]
[EventDate "2024.02.24"]
[EventType "swiss"]
[EventCountry "ROU"]
[SourceTitle "playchess.com"]
[Source "ChessBase"]
[SourceQuality "1"]
[TimeControl "40/5400+30:900+30"]

1. d4 Nf6 2. Nf3 c6 3. c4 d5 4. Nc3 e6 5. g3 a5 6. Bg2 Be7 7. O-O O-O 8. Nd2 {[%emt 0:10:21][%cal Bf3d2,Bd2b1,Bb1c3][%mdl 32] The position is equal.} b5 9. cxb5 cxb5 10. Nxb5 Qb6 11. a4 Nc6 12. Nb1 Ba6 13. N1c3 Na7 14. Bf4 Nxb5 15. axb5 Bxb5 16. Qb3 Bb4 $1 17. Nxb5 Qxb5 18. Bf3 Rfc8 19. Rfc1 Qd7 20. Qd3 h6 21. h4 Rxc1+ 22. Rxc1 Rc8 {[%emt 0:00:15] Dodges Rc7} 23. Qa6 Rxc1+ 24. Bxc1 Qd8 25. Qc6 Qd6 26. Qc2 Qf8 27. Qc6 Qd6 28. Qxd6 Bxd6 $11 {[%emt 0:00:05][%mdl 4096] Endgame. KBB-KBN} 29. Bd2 Bb4 30. Bf4 Nd7 31. b3 a4 32. bxa4 {[%emt 0:00:07] Threatens to win with Bc7.} Nb6 33. e3 {[%emt 0:03:11] Black should prevent Bd1.} Nxa4 34. g4 f6 35. Kg2 Nb6 36. Be2 Nc8 37. Bd3 g5 38. Bg3 Bd6 {[%emt 0:00:49] [#]} (38... Kf7 $11) 39. Ba6 $1 $16 Bxg3 40. Bxc8 {[%emt 0:00:00] KB-KB} Bc7 $2 {[%emt 0:00:00][%mdl 8192] Loses the game.} (40... Bxh4 $16 41. Bxe6+ Kg7 42. Bxd5 Kf8) 41. Bxe6+ $18 Kf8 {[%emt 0:01:06] [#]} 42. h5 $1 Ke7 43. Bxd5 Ba5 44. Be4 {[%emt 0:01:49] Kf3 is the strong threat.} Be1 45. Kf3 Kf7 46. Bd5+ Ke7 47. Ke2 Bb4 48. f3 Kf8 49. Kd3 Be1 50. Bc4 (50. Ke4 $142 Bd2 51. Bb3) 50... Bf2 51. Ke4 Bg1 52. Be6 Bf2 53. d5 Bg3 54. Kf5 Kg7 55. Bd7 Kf7 56. Ba4 Bc7 $2 (56... Bd6 57. Bd1 Bc7) 57. Bb3 {[%emt 0:00:29] White threatens d6+ and mate.} Bd8 $2 (57... Bb6 58. d6+ Kg7) 58. d6+ {[%emt 0:00:12] Weighted Error Value: White=0.07 (flawless) /Black=0.12 (very precise) .  Loses game:     	---       	Black=1      Mistake:       	---       	Black=2      Inaccurate:     	---       	Black=1      OK:         	White=9     	Black=15     Best:        	White=2     	Black=2      Strong:       	White=1     	Black=1} 1-0

[Event "Romanian Championship 2024"]
[Site "Eforie Nord"]
[Date "2024.02.24"]
[Round "1.22"]
[White "Ivancescu, Bogdan-Andrei"]
[Black "Tudor, Henry Edward"]
[Result "0-1"]
[ECO "B43"]
[WhiteElo "1759"]
[BlackElo "2239"]
[Annotator "TA"]
[PlyCount "54"]
[EventDate "2024.02.24"]
[EventType "swiss"]
[EventCountry "ROU"]
[SourceTitle "playchess.com"]
[Source "ChessBase"]
[SourceQuality "1"]
[TimeControl "40/5400+30:900+30"]

1. e4 c5 2. Nf3 e6 3. d4 cxd4 4. Nxd4 a6 5. Nc3 Qc7 6. Bd3 Nf6 7. f4 b5 8. e5 b4 $1 9. Na4 Nd5 {[%emt 0:01:27] White is slightly better.} 10. c4 (10. Be4 $14) 10... Nb6 (10... bxc3 $11 11. bxc3 Nxc3) 11. Nxb6 $16 Qxb6 12. Nb3 Bb7 13. Qe2 Be7 14. Be3 Qc7 15. O-O O-O 16. Qh5 g6 17. Qh3 ({Better is} 17. Qh6 $1 $14 Rd8 18. a3) 17... Nc6 18. Nd2 (18. Qg3 $14) 18... d6 $11 19. f5 $2 {[%emt 0:00:00] This costs White the game.} exf5 $19 (19... dxe5 $2 {loses.} 20. f6 (20. fxe6 f5 $17) 20... Bd8 21. Ne4 $18 (21. Qh6 Bxf6 22. Rxf6 Qd8 $18)) 20. Bh6 Nxe5 {[%emt 0:04:35] Strongly threatening ...Rfe8.} 21. Bxf5 $2 (21. Qg3 {keeps fighting.}) 21... gxf5 22. Rae1 {[%emt 0:01:39] [#]} Ng6 23. Bxf8 Rxf8 (23... Nxf8 24. Qxf5 Ng6 (24... Bh4 $2 25. g3 $19) 25. Qxf7+ Kh8 26. Qe6 $17) 24. b3 Bf6 25. Qd3 (25. Kh1 $142) 25... Qc5+ {[%emt 0:01:52] Black is clearly winning.} 26. Kh1 Kh8 27. Rxf5 {[%emt 0:01:00] [#]} Bxg2+ $1 {[%emt 0:00:07][%mdl 512] Weighted Error Value: White=0.46/Black=0.15 (very precise) .  Loses game:     	White=1     	---        Mistake:       	White=5     	Black=1      Inaccurate:     	White=1     	Black=1      OK:         	White=7     	Black=7      Best:        	White=1     	Black=3      Strong:       	---       	Black=1} 0-1

[Event "Romanian Championship 2024"]
[Site "Eforie Nord"]
[Date "2024.02.24"]
[Round "1.23"]
[White "Nastase, Robert-Paul"]
[Black "Visanescu, Dragos-Nicholas"]
[Result "1-0"]
[ECO "A00"]
[WhiteElo "2226"]
[BlackElo "1759"]
[Annotator "TA"]
[PlyCount "103"]
[EventDate "2024.02.24"]
[EventType "swiss"]
[EventCountry "ROU"]
[SourceTitle "playchess.com"]
[Source "ChessBase"]
[SourceQuality "1"]
[TimeControl "40/5400+30:900+30"]

1. d3 d5 2. d4 Nf6 3. e3 e6 4. c3 Be7 5. Bd3 b6 6. f4 Bb7 7. Nf3 c5 8. O-O {[%emt 0:00:07] The position is equal.} O-O 9. Qe2 Ne4 10. b3 Nc6 11. Bb2 a5 12. a4 Qc8 13. Na3 Ba6 14. Nb5 Nd8 15. Rac1 Nb7 16. c4 Bxb5 17. axb5 Nf6 ({Better is} 17... f6) 18. Ne5 $16 a4 19. bxa4 Rxa4 20. g4 {[%emt 0:01:57] White has more active pieces.} dxc4 (20... Na5 $16) 21. Nxc4 $18 Qd8 22. Rfd1 {[%emt 0:01:35] dxc5 would now be deadly.} Nd5 {[%emt 0:02:21] [#]} (22... Rb4 {might work better.}) 23. Bxh7+ $1 Kxh7 24. Qc2+ Kg8 25. Qxa4 cxd4 26. Bxd4 Bc5 27. Qa2 Qh4 28. Qf2 Qe7 (28... Qxg4+ $142 29. Kh1 g6) 29. e4 Bxd4 30. Rxd4 ({Not} 30. Qxd4 Nxf4 31. Qe3 (31. Nxb6 $2 {loses.} Ne2+ 32. Kg2 Nxd4 $19) 31... Qc5 $18) 30... Qc5 31. exd5 exd5 {[%emt 0:00:25] [#]} 32. Rdd1 $1 dxc4 (32... Qxf2+ 33. Kxf2) 33. Qxc5 Nxc5 34. Rxc4 {[%emt 0:00:04][%mdl 4096] Endgame. KRR-KRN} Rb8 35. Rd6 Kf8 36. Kg2 Ke7 37. Rxb6 Rxb6 38. Rxc5 {[%emt 0:00:04] KR-KR} Rd6 39. Rc2 {[%emt 0:01:37] Repels Rd2+} Kd7 40. Rb2 Kc7 41. Rb3 f6 42. h4 Rd2+ 43. Kf3 Rh2 44. Kg3 {[%emt 0:00:05] Prevents Rh3+} Rh1 45. h5 Kb6 46. Rb2 f5 47. gxf5 {[%emt 0:03:04][%cal Of5f6] Threatens to win with f6!} Rxh5 48. Kg4 Rh1 49. Rb4 Rg1+ 50. Kf3 Kc5 {[%emt 0:01:48] [#]} 51. b6 $1 Kxb4 (51... Rf1+ 52. Ke2) 52. b7 {[%emt 0:00:43] Weighted Error Value: White=0.10 (very precise) /Black=0.35.  Mistake:       	---       	Black=4      Inaccurate:     	---       	Black=3      OK:         	White=19    	Black=5      Best:        	White=1     	---        Brilliant:      	White=1     	---} 1-0

[Event "Romanian Championship 2024"]
[Site "Eforie Nord"]
[Date "2024.02.25"]
[Round "2.1"]
[White "Antal, Hunor-Zoltan"]
[Black "Lupulescu, Constantin"]
[Result "1/2-1/2"]
[ECO "B12"]
[WhiteElo "2272"]
[BlackElo "2589"]
[Annotator "TA"]
[PlyCount "32"]
[EventDate "2024.02.24"]
[EventType "swiss"]
[EventCountry "ROU"]
[SourceTitle "playchess.com"]
[Source "ChessBase"]
[SourceQuality "1"]
[TimeControl "40/5400+30:900+30"]

1. e4 c6 2. d4 d5 3. e5 Bf5 4. Nf3 e6 5. Be2 Ne7 6. O-O c5 7. c4 Nbc6 8. Nc3 a6 9. Qa4 (9. dxc5 d4 10. g4 Bg6 $11 (10... Bxg4 11. Nxd4 Qxd4 12. Qxd4 $11)) 9... b5 10. cxb5 {[%emt 0:06:17] White is slightly better.} axb5 11. Qxb5 (11. Qd1 $1 $14) 11... c4 $1 $11 {[%emt 0:02:35] The position is equal.} 12. b3 Ra5 13. Qb7 {[%emt 0:00:00] [#] Hoping for Nb5.} Ra7 14. Qb5 Ra5 15. Qb7 {Black must now prevent Nb5.} Ra7 16. Qb5 Ra5 {[%emt 0:00:30] Weighted Error Value: White=0.12 (very precise) /Black=0.07 (flawless) .  Mistake:       	White=1     	---        Inaccurate:     	---       	Black=1      OK:         	White=6     	Black=1      Best:        	---       	Black=4      Strong:       	---       	Black=1} 1/2-1/2

[Event "Romanian Championship 2024"]
[Site "Eforie Nord"]
[Date "2024.02.25"]
[Round "2.2"]
[White "Parligras, Mircea-Emilian"]
[Black "Bonte, Andrei-Mihai"]
[Result "1-0"]
[ECO "A90"]
[WhiteElo "2539"]
[BlackElo "2266"]
[Annotator "TA"]
[PlyCount "99"]
[EventDate "2024.02.24"]
[EventType "swiss"]
[EventCountry "ROU"]
[SourceTitle "playchess.com"]
[Source "ChessBase"]
[SourceQuality "1"]
[TimeControl "40/5400+30:900+30"]

1. d4 e6 2. c4 f5 3. Nf3 Nf6 4. g3 c6 5. Bg2 d5 6. O-O Bd6 7. Nc3 O-O 8. Qc2 Na6 9. a3 Bd7 10. c5 Bc7 {[%emt 0:02:13] White is slightly better.} 11. b4 Be8 12. Bf4 Bxf4 13. gxf4 Ne4 14. e3 Nxc3 15. Qxc3 Nc7 16. Ne5 Qh4 17. f3 (17. a4 $16) 17... h6 (17... Na6 $14) 18. Qe1 Qe7 19. Kh1 Kh7 20. Rg1 Bh5 21. Bf1 Rg8 22. h4 (22. a4 $16) 22... a6 23. Ra2 Ne8 24. Qg3 {[%emt 0:16:44] White has more active pieces. The black rooks are passive.} Nf6 25. Bd3 Nd7 26. a4 (26. Nxd7 $14 Qxd7 27. a4) 26... Nxe5 $11 27. fxe5 g5 ({Black should try} 27... b6 $1 $11) 28. hxg5 $14 Rxg5 29. Qf4 Rag8 30. Rag2 Qg7 31. Rxg5 hxg5 32. Qg3 Rh8 (32... g4 $14) 33. Kg2 $16 Kg8 34. Kf2 g4 35. b5 axb5 36. axb5 cxb5 37. Bxb5 Kf7 38. Be2 Ra8 {[%emt 0:01:44][%cal Bh8a8,Ba8a3,Ba3b3][%mdl 32] [#]} 39. fxg4 ({White should play} 39. Qh4 $1 $18 Qg6 40. fxg4 fxg4 41. Bxg4 Ra2+ 42. Kg3 Bxg4 43. Qxg4 Qxg4+ 44. Kxg4) 39... fxg4 (39... Bxg4 $16 {is a better defense.} 40. Bxg4 Qxg4 41. Qxg4 fxg4 42. Rxg4 b6) 40. Qh4 $18 (40. Bxg4 Ra2+ 41. Ke1 (41. Kf3 Bxg4+ 42. Qxg4 Qh7 $11) 41... Ra1+ 42. Kf2 Ra2+ 43. Kf3 Bxg4+ 44. Qxg4 Qh7 $11) 40... Qg6 41. Kg3 Ra3 42. Rf1+ (42. Bxg4 Bxg4 (42... Qxg4+ 43. Qxg4 Bxg4 44. Kxg4 $11) 43. Qxg4 Rxe3+ 44. Kf2 Qxg4 45. Rxg4 Rb3 $11) 42... Kg8 43. Qd8+ (43. Bxg4 $142 Rxe3+ (43... Qxg4+ 44. Qxg4+ Bxg4 45. Kxg4 $16) (43... Bxg4 $2 44. Qd8+ Kh7 45. Qe7+ Kh6 46. Qf8+ Qg7 47. Rf6+ Kh7 48. Rf7 $18) 44. Kh2 (44. Kf2 Re4 $14) 44... Bxg4 (44... Qxg4 $2 45. Rg1 $18) 45. Qd8+ Kh7 46. Qd7+ Kh6 47. Rf6) 43... Qe8 (43... Kh7 {was called for.} 44. Qe7+ Qg7 45. Qxg7+ (45. Qxe6 Rxe3+ 46. Kf2 Qg5 $11) 45... Kxg7) 44. Qxe8+ Bxe8 {[%emt 0:00:03][%mdl 4096] Endgame. KRB-KRB} 45. Kf4 (45. Kxg4 Rxe3 46. Rf2 Re4+ 47. Kg5 Kg7 $11) (45. Bxg4 $142 Rxe3+ 46. Kf4 Re4+ 47. Kg5 Rxd4 48. Bxe6+ Kg7 49. Rb1) 45... b6 $2 (45... g3 46. Rg1 (46. Kxg3 Rxe3+ 47. Kf2 Rxe2+ 48. Kxe2 Bb5+ 49. Ke1 Bxf1 $11) 46... Kf8 47. Rxg3 (47. Kxg3 Rxe3+ 48. Kf2 Re4 $11) 47... Ra2) 46. cxb6 ({Inferior is} 46. Kxg4 Rxe3 47. cxb6 (47. Rg1 Re4+ 48. Kf3+ Kf8 $11) 47... Rxe2 $11) 46... Rb3 47. Bxg4 Rxb6 48. Kg5 {[%emt 0:00:07] [#] Black must now prevent Kf6.} Kg7 49. Ra1 Bf7 50. Ra7 {[%emt 0:00:10] Weighted Error Value: White=0.20 (precise) /Black=0.57.  Mistake:       	White=6     	Black=6      Inaccurate:     	---       	Black=4      OK:         	White=10    	Black=12     Best:        	White=3     	Black=4} 1-0

[Event "Romanian Championship 2024"]
[Site "Eforie Nord"]
[Date "2024.02.25"]
[Round "2.3"]
[White "Tudor, Henry Edward"]
[Black "Gavrilescu, David"]
[Result "0-1"]
[ECO "E47"]
[WhiteElo "2239"]
[BlackElo "2523"]
[Annotator "TA"]
[PlyCount "104"]
[EventDate "2024.02.24"]
[EventType "swiss"]
[EventCountry "ROU"]
[SourceTitle "playchess.com"]
[Source "ChessBase"]
[SourceQuality "1"]
[TimeControl "40/5400+30:900+30"]

1. d4 Nf6 2. c4 e6 3. Nc3 Bb4 4. e3 O-O 5. Bd3 Re8 6. a3 Bxc3+ 7. bxc3 e5 8. Ne2 {[%emt 0:13:26] The position is equal.} e4 9. Bb1 b6 10. Ng3 Ba6 11. f3 d5 (11... Bxc4 $15 12. fxe4 d6) 12. cxd5 $14 exf3 13. gxf3 (13. Qxf3 $14 Qxd5 14. Kf2 (14. e4 Nxe4 15. Nxe4 f5 $15)) 13... Nxd5 $11 14. Qc2 Qh4 15. Kf2 Nd7 16. e4 N7f6 {[%emt 0:00:00][%cal Of6h5] Chess con chili.} 17. Qa4 $2 (17. Kg2 $14 {keeps the upper hand.}) 17... Nh5 $1 $19 (17... Nxc3 18. Qxa6 Nh5 19. Qf1 $16) 18. Rg1 (18. Kg2 {was worth a try.} Ndf4+ (18... Nxc3 19. Qxa6 Re6 20. Nxh5 $18) 19. Bxf4 Nxf4+ 20. Kf2) 18... Nxc3 ({And not} 18... Qxh2+ 19. Rg2 Qh4 20. Qxa6 $16 (20. exd5 {is a self mate.} Re2+ 21. Kg1 Re1+ 22. Kf2 Rf1+ 23. Ke3 Qf4#)) 19. Qxa6 Qxh2+ 20. Rg2 Nd1+ {Excellent horsemanship.} 21. Ke1 Qxg2 22. Nxh5 Qg1+ (22... Qxf3 $19 23. Nxg7 Kxg7) 23. Qf1 $17 Qxd4 {[%emt 0:00:04] Black is more active.} 24. Ra2 Nc3 25. Rg2 Qd1+ ({Much less strong is} 25... Nxb1 26. Nxg7 Qc3+ 27. Kf2 $11) 26. Kf2 {[%emt 0:00:00] [#] Hoping for Qxd1.} Qxf1+ 27. Kxf1 Nxb1 28. Bb2 $2 (28. Nxg7 $17 Kf8 29. Nxe8 Rxe8 30. a4) 28... g6 $19 29. Nf6+ Kf8 {[%emt 0:00:01] And now ...Re6 would win.} 30. Nxh7+ Ke7 31. Rc2 c5 32. Nf6 Rh8 33. Nd5+ Kd6 {[%emt 0:00:20] Threatens to win with ...Rh1+.} 34. Ne3 {[%emt 0:00:47] [#]} Kc6 35. Nc4 $2 (35. Bxh8 {was the crucial defense.} Rxh8 36. a4) 35... Rh1+ 36. Kg2 Rd1 37. a4 Rad8 38. Bc1 f6 {[%emt 0:00:12] Wards off Ne5+} 39. Ne3 R1d2+ 40. Bxd2 Rxd2+ 41. Rxd2 Nxd2 {[%emt 0:00:17][%mdl 4096] Endgame. KN-KN} 42. Nd5 f5 43. Ne7+ Kd6 44. Nc8+ Ke5 {[%emt 0:01:49] White must now prevent ...c4.} 45. exf5 gxf5 {[%emt 0:00:46] ...c4 is the strong threat.} 46. Nxa7 Kd4 {[%emt 0:00:29] aiming for ...c4.} 47. a5 bxa5 {[%emt 0:00:10] Black mates.} 48. Nc6+ Kd5 49. Nxa5 c4 50. Kf2 Nb3 51. Nb7 c3 52. Ke2 c2 {[%emt 0:00:05] Weighted Error Value: White=0.72/Black=0.31.  Loses game:     	White=2     	---        Missed win:     	---       	Black=1      Mistake:       	White=3     	Black=2      Inaccurate:     	White=3     	Black=2      OK:         	White=13    	Black=15     Best:        	White=5     	Black=8      Strong:       	---       	Black=1} 0-1

[Event "Romanian Championship 2024"]
[Site "Eforie Nord"]
[Date "2024.02.25"]
[Round "2.4"]
[White "Ghimpu, Samuel-Timotei"]
[Black "Nastase, Robert-Paul"]
[Result "0-1"]
[ECO "A13"]
[WhiteElo "2467"]
[BlackElo "2226"]
[Annotator "TA"]
[PlyCount "113"]
[EventDate "2024.02.24"]
[EventType "swiss"]
[EventCountry "ROU"]
[SourceTitle "playchess.com"]
[Source "ChessBase"]
[SourceQuality "1"]
[TimeControl "40/5400+30:900+30"]

1. c4 e6 2. g3 d5 3. Bg2 Nf6 4. Nf3 c6 5. O-O dxc4 6. a4 {[%emt 0:00:08] A13: English Opening: 1...e6.} Be7 7. Na3 O-O 8. Nxc4 a5 9. d4 $146 ({Predecessor:} 9. d3 b5 10. axb5 cxb5 11. Nfe5 Ra6 12. Na3 b4 13. Nac4 Bc5 14. e3 Qe7 15. d4 {1-0 Weber,S (2250)-Ambartsumova,K (2382) Titled Tuesday intern op 15 Mar Late blitz 2022 (4)}) 9... b5 10. Nce5 Nd5 11. Bd2 Ba6 12. Re1 c5 13. dxc5 Bxc5 14. Nd3 (14. Rc1 $16 Qb6 15. Nd3) 14... Bb6 $14 15. axb5 Bxb5 16. Qb3 Qe8 17. e4 Nc7 18. Rec1 a4 19. Qc2 Nba6 20. Nfe5 Kh8 (20... Rd8 $11 {remains equal.}) 21. Nc4 $1 $16 Qb8 (21... Rb8 $16 22. Nxb6 Rxb6) 22. Bf4 $18 Bd4 (22... Qa7 $16 23. Nxb6 Qxb6) 23. Bd6 $18 Rd8 {[%emt 0:11:40] [#]} 24. Nce5 $2 (24. e5 $1 $18 {and the rest is easy.}) 24... Bxd3 $16 25. Nxf7+ Kg8 26. Qxd3 Qxb2 27. Nxd8 (27. Bxc7 $2 Bxf2+ (27... Kxf7 $2 28. Bxd8 Kg8 29. Qf1 $18) 28. Kh1 Rxd3 $19) ({White should try} 27. Rab1 $1 $16 Qxf2+ 28. Kh1) 27... Rxd8 $11 {[%emt 0:00:05] [#]} 28. Qf3 (28. Bxc7 $2 Bxf2+ (28... Qxf2+ $2 29. Kh1 $18) 29. Kh1 Rxd3 $19) (28. Be5 $1 $11 {keeps the balance.} Nc5 29. Bxd4 (29. Bxc7 $2 Qxf2+ 30. Kh1 Nxd3 $19) 29... Qxc1+ 30. Rxc1 Nxd3 31. Rc4) 28... Rxd6 $17 29. Rab1 Rc6 30. Rd1 {[%emt 0:01:37] [#]} a3 $2 (30... Qc3 $1 $17 {And now ...Qxf3 would win.} 31. e5 Qxf3 32. Bxf3 Rb6 (32... Rc4 33. Be2 $11) 33. Rxb6 Bxb6) 31. e5 (31. Rxb2 $18 axb2 32. Bf1 (32. Rxd4 b1=Q+ 33. Bf1 Ne8 $11)) 31... Qxb1 (31... Rc3 $16 32. Rxb2 Rxf3) 32. Rxb1 $18 a2 33. Rd1 Rb6 {[%emt 0:02:11] [#]} 34. Qd3 $1 (34. Rxd4 $2 {is the wrong capture.} a1=Q+ (34... a1=B 35. Rd8+) 35. Rd1 Rb1 (35... Qxe5 36. Rd8+) 36. Rxb1 Qxb1+ $19) 34... a1=Q 35. Rxa1 (35. Qxd4 Qxd4 36. Rxd4 Rb1+ 37. Bf1 Nd5 $19) 35... Bxa1 36. Qd8+ Kf7 37. Qd7+ Kf8 38. Be4 Bxe5 {[%emt 0:00:42] [#]} 39. f4 $2 (39. Bxh7 Rd6 40. Qa4 (40. Qc8+ Ke7 $15) 40... Nc5 $17) (39. Qd8+ $1 $18 Kf7 40. Bxh7) 39... Bf6 40. Bxh7 Be7 41. Qc8+ Ne8 42. Bg6 Nac7 43. h4 Rd6 44. h5 Rd8 45. Qb7 Nd5 46. Qc6 Nec7 47. Be4 Nf6 48. Bf3 Bd6 49. Qc2 Ng8 50. Qg6 Nh6 51. Be2 Rd7 52. Kg2 Re7 53. Bc4 Rf7 54. Qd3 Ke7 55. Qe4 Nf5 56. Kh3 Nxg3 57. Qg6 $2 ({White must play} 57. Kxg3 $15 Rxf4 (57... Bxf4+ 58. Kg2 $14) 58. Qxf4) 0-1

[Event "Romanian Championship 2024"]
[Site "Eforie Nord"]
[Date "2024.02.25"]
[Round "2.5"]
[White "Daianu, Cristian-Clement"]
[Black "Nevednichy, Vladislav"]
[Result "1/2-1/2"]
[ECO "B65"]
[WhiteElo "2201"]
[BlackElo "2451"]
[Annotator "TA"]
[PlyCount "72"]
[EventDate "2024.02.24"]
[EventType "swiss"]
[EventCountry "ROU"]
[SourceTitle "playchess.com"]
[Source "ChessBase"]
[SourceQuality "1"]
[TimeControl "40/5400+30:900+30"]

1. e4 c5 2. Nf3 d6 3. d4 cxd4 4. Nxd4 Nf6 5. Nc3 Nc6 6. Bg5 e6 7. Qd3 Be7 8. O-O-O O-O 9. h4 Nxd4 10. Qxd4 Qa5 11. Kb1 h6 12. f4 Rd8 (12... hxg5 $2 13. hxg5 Ng4 14. Be2 $16) 13. Qe3 b5 {[%emt 0:19:09] [#]} (13... Bd7 $11) 14. Bd3 $1 {[%emt 0:25:39][%cal Oe4e5] Black must now prevent e5! White is more active.} b4 $1 {[%emt 0:01:25] White is slightly better.} (14... hxg5 $2 15. hxg5 Ng4 16. Qh3 $18) 15. Ne2 {[%emt 0:04:08] And now g4 would win.} Ba6 {[%emt 0:05:49] [#]} (15... hxg5 $2 16. hxg5 b3 17. cxb3 $18) (15... e5 $1 $11 {and Black is okay.}) 16. Nd4 Bxd3 $11 (16... hxg5 $2 17. hxg5 $18) 17. Rxd3 {[%emt 0:00:14] Threatens to win with Bxf6.} (17. Qxd3 $5 Rac8 (17... hxg5 $2 18. hxg5 Ng4 19. e5 $18) 18. g4 $11) 17... Rac8 (17... hxg5 $2 18. hxg5 g6 19. Qh3 $18 (19. gxf6 Bxf6 20. Nc6 Qb5 $18)) 18. Bxf6 Bxf6 19. Nf3 (19. g4 $11) 19... Rc6 $1 $17 20. Rhd1 $2 {[%emt 0:03:08][%mdl 8192] [#]} (20. Rdd1 $17) 20... Ra6 $2 (20... Bxb2 $1 $19 {has better winning chances. ...Bc3 is the strong threat.} 21. e5 (21. Kxb2 $2 Rxc2+ 22. Kxc2 Qxa2+ 23. Kc1 Rc8+ $19) 21... d5) 21. a3 Rb8 22. Rb3 Rab6 (22... Rbb6 $17 23. Qe1 bxa3 24. Qxa5 Rxa5 25. Rxb6 axb6 (25... a2+ 26. Ka1 $15) 26. bxa3 Rxa3) 23. e5 dxe5 24. fxe5 Be7 25. Rd7 Kf8 26. Qd2 Qa6 27. axb4 Qf1+ (27... Rxb4 $2 28. Rxb4 Re8 29. Rbb7 Qf1+ 30. Qd1 Qxd1+ 31. Rxd1 $18) (27... Ke8 $5) 28. Qd1 (28. Ka2 $11) 28... Qxg2 (28... Qxd1+ $15 29. Rxd1 Rxb4) 29. Rxa7 $14 Rd8 {[%emt 0:00:36] [#]} (29... Rxb4 $2 30. Rxb4 Bxb4 31. Rb7 $18) (29... Bxb4 $2 30. c3 $18) 30. Rd7 ({White should play} 30. Rd3 $1 $16 Rbb8 31. b5 Rxd3 32. Qxd3) 30... Rxd7 $11 {[%emt 0:00:16] The position is equal.} 31. Qxd7 Qf1+ (31... Rxb4 32. Qc8+) 32. Ka2 {[%emt 0:00:07] Threatening mate with Qc8+.} Ra6+ 33. Ra3 {[%emt 0:00:04] White threatens Qc8+ and mate. Some like it hot} Qc4+ (33... Rxa3+ 34. bxa3 g5 35. hxg5 (35. Nd2 Qd1 $17) 35... Qxf3 36. gxh6) 34. Kb1 $1 Qf1+ (34... Bxh4 35. Rxa6 Qf1+ 36. Ka2 Qxa6+ 37. Kb3) 35. Ka2 {[%emt 0:00:05] White wants to mate with Qc8+.} Qc4+ (35... Rxa3+ 36. bxa3 g5 37. hxg5 (37. Nd2 Qd1 $17) 37... Qxf3 38. gxh6) 36. Kb1 $1 Qf1+ {[%emt 0:02:24] Weighted Error Value: White=0.47/Black=0.43.  Loses game:     	White=1     	---        Missed win:     	---       	Black=1      Mistake:       	White=4     	Black=4      Inaccurate:     	White=1     	Black=2      OK:         	White=4     	Black=9      Best:        	White=4     	---        Strong:       	White=2     	Black=2} ({Much worse is} 36... Bxh4 $6 37. Rxa6 Qf1+ 38. Ka2 Qxa6+ 39. Kb3 $16) 1/2-1/2